 Dungeon Crawl Stone Soup version 0.26-a0-1139-g7d2dc893a1 (webtiles) character file.

Game seed: 10533105144435000164

104 Dracia the Insei (level 4, -3/33 HPs)
             Began as a Demonspawn Warper on Dec 22, 2020.
             Slain by a gnoll
             ... wielding a +0 whip
              (6 damage)
             ... on level 2 of the Dungeon.
             The game lasted 00:03:13 (2242 turns).

Dracia the Insei (Demonspawn Warper)                Turns: 2242, Time: 00:03:14

Health: -3/33      AC:  6    Str: 12    XL:     4   Next: 52%
Magic:  7/7        EV: 12    Int: 14    God:
Gold:   35         SH:  0    Dex: 13    Spells: 5/7 levels left

rFire    . . .     SeeInvis .     - Unarmed
rCold    . . .     Faith    .   (no shield)
rNeg     . . .     Spirit   .   b - +0 leather armour
rPois    .         Reflect  .   (no helmet)
rElec    .         Harm     .   c - +2 cloak
rCorr    .         Rampage  .   (no gloves)
Will     .....                  (no boots)
Stlth    +.........             (no amulet)
HPRegen  0.11/turn              (no ring)
MPRegen  0.10/turn              (no ring)

@: no status effects
A: claws 1, demonic guardian 1
a: no special abilities


You were on level 2 of the Dungeon.
You visited 1 branch of the dungeon, and saw 2 of its levels.

You collected 35 gold pieces.


Innate Abilities, Weirdness & Mutations

You have sharp fingernails.
A weak demonic guardian rushes to your aid.


   Skills:
 - Level 2.0 Fighting
 - Level 1.7 Short Blades
 - Level 0.8 Throwing
 - Level 1.1 Armour
 - Level 2.2 Dodging
 * Level 3.1 Unarmed Combat
 - Level 2.1 Spellcasting
 - Level 3.0 Translocations


You had 5 spell levels left.
You knew the following spells:

 Your Spells              Type           Power        Failure   Level
I - Blink                 Tloc           N/A          13%         2

Your spell library contained the following spells:

 Spells                   Type           Power        Failure   Level
 Gell's Gravitas          Tloc           5%           26%         3
 Lesser Beckoning         Tloc           5%           26%         3
 Teleport Other           Tloc           10%          26%         3
 Passage of Golubria      Tloc           N/A          65%         4

Inventory:

Missiles
 e - 5 boomerangs of dispersal (quivered) {=f=f}
Armour
 b - a +0 leather armour (worn)
 c - a +2 cloak (worn)
Jewellery
 j - an uncursed ring of willpower {unknown}
Wands
 o - a wand of flame (20)
Scrolls
 a - a scroll of teleportation {unknown}
 d - a scroll of blinking
 f - 2 scrolls of random uselessness {unknown}
 g - 2 scrolls of enchant weapon {unknown}
 l - a scroll of identify {unknown}
 n - a scroll of amnesia {unknown}
 p - 2 scrolls of remove curse {unknown}
Potions
 h - a potion of cancellation {unknown}
 i - a potion of magic {unknown}
 m - a potion of haste {unknown}

Dungeon Overview and Level Annotations

Branches:
Dungeon (2/15)

Altars:

..# #..............##
..#
#.#...##....>...###.##
#.#
#.##.###..............
#... ..##.#
###...#..#####
####.#####.#
#..##..#### .## # #.#
#.###.....# ..##
#.#####.####.##.# ...#
#............##.#
.....
.######@#######.#
...#. . #g# #.# ..##
.......gg.# #.# .##
.<.....<#.# #.# ##
#########... ..# # ###
###


You could see 3 gnolls.


Message History

The gnoll hits you with a +0 flail!
* * * LOW HITPOINT WARNING * * *
You scratch the gnoll.
You kill the gnoll!
The gnoll hits you from afar with a +0 spear.
* * * LOW HITPOINT WARNING * * *
Your Unarmed Combat skill increases to level 3!
Unknown command.
It was a potion of heal wounds.
You feel much better. The gnoll hits you with a +0 whip!
The gnoll hits you from afar with a +0 spear.
Unknown command.
You scratch the gnoll.
The gnoll is heavily wounded.
The gnoll closely misses you. The gnoll hits you but does no damage.
You scratch the gnoll but do no damage.
The gnoll is heavily wounded.
The gnoll hits you with a +0 whip!
* * * LOW HITPOINT WARNING * * *
The gnoll hits you but does no damage.
You barely miss the gnoll.
The gnoll is heavily wounded.
The gnoll hits you with a +0 whip!
* * * LOW HITPOINT WARNING * * *
The gnoll hits you from afar with a +0 spear.
* * * LOW HITPOINT WARNING * * *
You scratch the gnoll.
The gnoll is almost dead.
The gnoll hits you with a +0 whip.
You die...

Skill      XL: |  1  2  3  4 |
---------------+-------------+-----
Armour         | 1 |  1.1
Dodging        | 2 |  2.2
Translocations | 3 |  3.0
Unarmed Combat | 1 2 3 |  3.1
Fighting       | |  2.0
Short Blades   | |  1.7
Throwing       | |  0.8
Spellcasting   | |  2.1

Action                   |  1- 3 |  4- 6 || total
-------------------------+-------+-------++-------
Melee: Short sword       |    35 |       ||    35
       Unarmed           |   181 |    32 ||   213
       Punch             |       |     2 ||     2
  Use: Potion            |       |     1 ||     1
Armor: Leather armour    |    98 |     6 ||   104
Dodge: Dodged            |   195 |    12 ||   207

Levels and vault maps discovered:
D:1:      minmay_arrival_doors, layout_loops_ring
D:2:      layout_loops_ring, serial_rivers, chequers_serial_rivers_micro_d,
          chequers_serial_rivers_micro_a, chequers_serial_rivers_room_b,
          chequers_serial_rivers_large_b, uniq_jessica

Notes
Turn   | Place    | Note
-------+----------+-------------------------------------------
     0 | D:1      | Dracia the Demonspawn Warper began the quest for the Orb.
     0 | D:1      | Reached XP level 1. HP: 16/16 MP: 3/3
    28 | D:1      | Reached skill level 1 in Armour
   168 | D:1      | Reached skill level 2 in Dodging
   176 | D:1      | You feel monstrous as your demonic heritage exerts itself.
   176 | D:1      | Gained mutation: You have sharp fingernails. [demonic
                  | ancestry]
   176 | D:1      | Reached XP level 2. HP: 6/22 MP: 5/5
   871 | D:1      | Reached skill level 3 in Translocations
   876 | D:1      | Learned a level 2 spell: Blink
  1139 | D:1      | Reached skill level 1 in Unarmed Combat
  1316 | D:2      | Reached XP level 3. HP: 27/27 MP: 6/6
  1677 | D:2      | Reached skill level 2 in Unarmed Combat
  1868 | D:2      | Noticed Jessica
  1884 | D:2      | Killed Jessica
  1885 | D:2      | Gained mutation: A weak demonic guardian rushes to your
                  | aid. [demonic ancestry]
  1885 | D:2      | Reached XP level 4. HP: 17/33 MP: 7/7
  2238 | D:2      | Reached skill level 3 in Unarmed Combat
  2241 | D:2      | HP: 2/33 [gnoll/+0 spear (6)]
  2242 | D:2      | Slain by a gnoll

Vanquished Creatures
  Jessica (D:2)
  2 adders (D:2)
  A gnoll (D:2)
  A worm (D:2)
  3 giant cockroaches
  11 goblins
  2 hobgoblins (D:1)
  10 kobolds
  2 quokkas (D:2)
  7 bats
  5 frilled lizards
  6 rats
51 creatures vanquished.

Table legend: (Time is in decaauts)
 A = Elapsed time spent in this place.
 B = Non-inter-level travel time spent in this place.
 C = Inter-level travel time spent in this place.
 D = Time resting spent in this place.
 E = Time spent auto-exploring this place.
 F = Levels seen in this place.
 G = Mean time per level.
                   A        B        C        D        E       F      G
               +--------+--------+--------+--------+--------+-----+--------+
         Total |   2238 |   2231 |      7 |    509 |   1321 |   2 | 1119.0 |
       Dungeon |   2238 |   2231 |      7 |    509 |   1321 |   2 | 1119.0 |
               +--------+--------+--------+--------+--------+-----+--------+

Top non-repeatable levels by time:
     D:1: 1310 daAuts
     D:2: 928 daAuts

Table legend:
 A = Non-vault XP
 B = Vault XP
 C = Vault XP percentage of total XP
 D = Non-vault monster count
 E = Vault monster count
 F = Vault count percentage of total count
                 A         B        C        D         E       F
            +---------+---------+-------+---------+---------+-------
      Total |     112 |      37 |  24.8 |      50 |       1 |   2.0
            +---------+---------+-------+---------+---------+-------
        D:1 |      40 |       0 |   0.0 |      27 |       0 |   0.0
        D:2 |      72 |      37 |  33.9 |      23 |       1 |   4.2
            +---------+---------+-------+---------+---------+-------
